 Dungeon Crawl Stone Soup version 0.26.0-57-g60708a5e39 (webtiles) character file.

Game seed: 13253573995615702916

40 swilekon the Cudgeller (level 3, 0/29 HPs)
             Began as a Demonspawn Monk on Feb 2, 2021.
             Succumbed to an adder's poison
             ... on level 2 of the Dungeon.
             The game lasted 00:01:48 (1639 turns).

swilekon the Cudgeller (Demonspawn Monk)            Turns: 1639, Time: 00:01:49

Health: 0/29       AC:  2    Str: 12    XL:     3   Next: 30%
Magic:  3/3        EV: 13    Int: 11    God:
Gold:   74         SH:  0    Dex: 15    Spells: 2/2 levels left

rFire    . . .     SeeInvis .   a - +0 mace
rCold    + . .     Faith    .   (no shield)
rNeg     . . .     Spirit   .   b - +0 robe
rPois    .         Reflect  .   (no helmet)
rElec    .         Harm     .   (no cloak)
rCorr    .         Rampage  .   (no gloves)
Will     .....                  (no boots)
Stlth    ++........             (no amulet)
HPRegen  0.09/turn              (no ring)
MPRegen  0.08/turn              (no ring)

@: lethally poisoned (0 -> -5)
A: blurry vision 1, cold resistance 1, demonic guardian 1
a: no special abilities


You were on level 2 of the Dungeon.
You visited 1 branch of the dungeon, and saw 2 of its levels.

You collected 74 gold pieces.

Inventory:

Hand Weapons
 a - a +0 mace (weapon)
Armour
 b - a +0 robe (worn)
Scrolls
 d - a scroll of immolation {unknown}
 e - 2 scrolls of fear {unknown}
 h - 2 scrolls of teleportation {unknown}
Potions
 f - a potion of cancellation
 g - 2 potions of curing {unknown}
 i - a potion of attraction {unknown}


   Skills:
 + Level 3.3 Fighting
 * Level 3.4 Maces & Flails
 + Level 1.1 Armour
 - Level 2.6 Dodging
 - Level 1.7 Stealth


You had 2 spell levels left.
You didn't know any spells.
Your spell library was empty.

Dungeon Overview and Level Annotations

Branches:
Dungeon (2/15)

Altars:


Innate Abilities, Weirdness & Mutations

A weak demonic guardian rushes to your aid.
Scrolls take you a little longer to read.
Your flesh is cold resistant. (rC+)


Message History

You hit the adder but do no damage.
The adder is moderately wounded.
You feel sick. The kobold completely misses you. The adder bites you.
You are more poisoned.
The adder poisons you! The goblin barely misses you.
The kobold hits you with a cursed -2 dagger.
* * * LOW HITPOINT WARNING * * *
You sock the adder!
The adder is almost dead.
You feel sick. The adder barely misses you. The goblin closely misses you.
The kobold closely misses you. The adder bites you.
* * * LOW HITPOINT WARNING * * *
Unknown command.
It was a potion of mutation.
You feel extremely strange.
Your vision blurs.
You feel resistant to cold. The goblin closely misses you.
The adder closely misses you.
The kobold hits you with a cursed -2 dagger.
* * * LOW HITPOINT WARNING * * *
It was a potion of cancellation.
You feel magically purged.
You die...

#..........+....#...#.#.....####.
..#####....#....#...#.#.#........
..........#....#.....#.#.######.
#######...#....#...###.#.#......
.............#...# ..#.#.#####
##########...##### ###.# #...+
.#.....# #...##.....####
##..@S...... #..Kg.....#
............# ##...........#
#...........# #............
######....... .......


You could see an adder, a goblin and a kobold.

Vanquished Creatures
  An adder (D:2)
  2 worms (D:2)
  A dart slug (D:1)
  A leopard gecko (D:1)
  A giant cockroach (D:1)
  2 goblins
  5 hobgoblins
  4 kobolds
  A ball python (D:1)
  3 bats (D:1)
  A rat (D:1)
22 creatures vanquished.

Notes
Turn   | Place    | Note
-------+----------+-------------------------------------------
     0 | D:1      | swilekon the Demonspawn Monk began the quest for the Orb.
     0 | D:1      | Reached XP level 1. HP: 18/18 MP: 1/1
   367 | D:1      | Gained mutation: A weak demonic guardian rushes to your
                  | aid. [demonic ancestry]
   367 | D:1      | Reached XP level 2. HP: 22/24 MP: 2/2
  1260 | D:2      | Reached skill level 1 in Armour
  1260 | D:2      | Reached XP level 3. HP: 22/29 MP: 3/3
  1638 | D:2      | Gained mutation: Scrolls take you a little longer to read.
                  | [potion of mutation]
  1638 | D:2      | Gained mutation: Your flesh is cold resistant. (rC+)
                  | [potion of mutation]
  1638 | D:2      | HP: 1/29 [kobold/cursed -2 dagger (4)]
  1639 | D:2      | Succumbed to an adder's poison

Illustrated notes

Levels and vault maps discovered:
D:1:      minmay_arrival_radiant_lines, layout_loops_corners
D:2:      layout_basic, fedhas_altar_3

Skill      XL: |  1  2 |
---------------+-------+-----
Maces & Flails | 3 |  3.4
Armour         | 1 |  1.1
Fighting       | |  3.3
Dodging        | |  2.6
Stealth        | |  1.7

Action                   || total
-------------------------++-------
Melee: Mace              ||    83
  Use: Potion            ||     2
 Stab: Sleeping          ||     1
Armor: Robe              ||    14
Dodge: Dodged            ||    95
